Zazza, neutral female human Tourist ----------- -------- ----- #|.........| #-......| ##....| ----- #|.........| ###|......| # |..{| |...|######-.........| # |......| ### |<.`-# |...| ##|..........######### |......| # -----# |....######|......#f@| |.......# # # |.[.| #----------- |......|# # # |...| # --------# # ### -.-|- # ########################### # # # # # ### -----.-- ### # ### # # |......| ### # #------# ##-......| # # # #|....|# |......| -.-.----# #|>...-# -------- |......|# #.....| |......-# ------ |......| |......| -------- Zazza the Rambler Experience level: 1 Strength: 12 Dexterity: 10 Constitution: 16 Intelligence: 14 Wisdom: 6 Charisma: 18 Health: 0(12) Energy: 2(2) Def: 1 Gold: 859 Moves: 1374 Dungeon seed: GVdN1ufwGtaiCwnT Game ID: Zazza_1601046693 Your Inventory: Coins $ - 859 gold pieces Weapons a - 24 +2 darts (in quiver) s - a +0 dagger (weapon in hand) W - a +1 sling Armor e - an uncursed +0 Hawaiian shirt (being worn) n - an uncursed +0 orcish helm (being worn) Comestibles b - 2 uncursed tins of lichen c - 13 uncursed food rations f - an uncursed tripe ration D - an uncursed cram ration O - an uncursed egg Scrolls h - 3 uncursed scrolls of magic mapping v - a cursed scroll of remove curse A - an uncursed scroll of gold detection C - 2 uncursed scrolls of identify K - a blessed scroll of destroy armor L - an uncursed scroll of scare monster P - a blessed scroll of fire V - an uncursed scroll of enchant weapon Potions g - an uncursed potion of extra healing l - an uncursed potion of sleeping w - an uncursed potion of healing Rings H - a cursed ring of teleportation Wands T - a wand of striking (0:3) Tools i - an expensive camera (0:94) t - an uncursed skeleton key Gems q - an uncursed worthless piece of orange glass Spells and supernatural/magical abilities: Name Level Category Fail Memory W - pray for help -- divine ? -- Your skills at the end: Fighting Skills Weapon Skills dart [Basic] Spellcasting Skills Final Attributes: You were stridently aligned. You are dead. Vanquished creatures: a shrieker a gas spore a hobbit a green mold a gnome zombie 9 jackals 3 kobolds a goblin 7 grid bugs 5 lichens a kobold zombie 3 newts 34 creatures vanquished. Voluntary challenges: You used a wielded weapon 2 times, starting on turn 1245. You read items or engraved 3 times, starting on turn 933. You never genocided any monsters. You never polymorphed an object. You never changed form. You used no wishes. You never split a pudding. You wrote Elbereth's name 2 times, starting on turn 1070. You never violated your personal moral code. Dungeon overview: The Dungeons of Doom: levels 1 to 3 Level 1 some fountains a long staircase Level 2 a general store Level 3 <- You were here a fountain, a sink History has recorded: On T:1 you entered the Dungeons of Doom to retrieve the Amulet of Yendor! On T:535 you reached level 2 of The Dungeons of Doom. On T:1078 you reached level 3 of The Dungeons of Doom. Score breakdown: Gold: 139 ( 7300 points) Experience: 1 level ( 0 points) Exploration: 3 levels ( 6.38%) ( 6255 points) Discoveries: 3 items ( 1.01%) ( 3010 points) Valuables value: (no points given unless you survive) Artifact value: 0 ( 0 points) Variety of kills: 12 monsters ( 3.15%) ( 5324 points) Turncount: 1374 turns ( 0 points) Survival: died (score multiplied by 80%) Total score: 17511 Latest messages: You displace Armand. You hear some noises. You displace Armand. The door opens. The jackal bites! Armand bites the jackal. The jackal misses Armand. The jackal bites! You hear some noises. The jackal is killed! You see here a ring mail. The door resists! The door opens. You displace Armand. The door opens. You stop. Armand is in the way! You displace Armand. You hear the footsteps of a guard on patrol. You displace Armand. Something is written here in the dust. You read: "ad ?cra??um". Armand bites the gas spore. The gas spore is killed! Armand is caught in the gas spore's explosion! You are caught in the gas spore's explosion! Final status: Aloha Zazza the Tourist, killed by a gas spore's explosion... You died in The Dungeons of Doom on dungeon level 3 with 17511 points, and 859 pieces of gold, after 1374 moves. You were level 1 with a maximum of 12 hit points when you died.